Map: Automaton LE

Players

Future

  • Race: Terran Terran
  • League: Grandmaster
  • Spawn Location: 3:00

Tesla (Rob) - Winner!

  • Race: Protoss Protoss
  • League: Grandmaster
  • Spawn Location: 9:00

Event: Cheeseadelphia 8

VOD

Have the link to the VOD?

Description

Time

  • Played on: Dec. 9, 2018, 10:49 a.m.
  • Length: 8:52

All games in this series

Show
View Real Time Build Order
Export as new Build Order

Future Terran 

Build Orders: Banshee Rush 

Get SALT Encoding   

  12  0:00  SCV  
  13  0:12  SCV  
  14  0:18  Supply Depot  
  14  0:25  SCV  
  15  0:40  SCV  
  15  0:42  Barracks  
  16  0:48  Refinery  
  16  0:52  SCV  
  17  0:57  Refinery  
  17  1:04  SCV  
  18  1:16  SCV  
  19  1:33  Ghost Academy  
  19  1:36  Orbital Command  
  19  1:43  Barracks Tech Lab  
  19  1:50  Supply Depot  
  19  2:02  SCV  
  19  2:03  Ghost  
  22  2:15  Factory  
  22  2:18  SCV  
  23  2:27  Supply Depot  
  23  2:30  SCV  
  24  2:43  SCV  
  24  2:54  Ghost  
  24  2:55  SCV  
  25  2:59  Factory Tech Lab  
  25  3:00  Starport  
  25  3:07  SCV  
  26  3:19  Cyclone, SCV  
  31  3:37  Command Center  
  31  3:39  Starport Tech Lab  
  28  3:44  Barracks  
  28  3:51  SCV  
  28  3:55  Widow Mine  
  31  3:58  Cloaking Field  
  31  4:03  SCV  
  31  4:06  Banshee  
  35  4:15  SCV  
  36  4:26  Engineering Bay, Siege Tank  
  39  4:32  Supply Depot  
  39  4:34  Barracks Reactor  
  39  4:38  SCV  
  39  4:57  Viking  
  38  5:27  Viking  
  34  5:29  Marine x2  
  34  5:30  Marine  
  36  5:38  SCV  
  37  5:45  Widow Mine  
  37  5:47  Marine x2  
  37  5:48  Marine  
  43  5:59  Bunker  
  42  6:04  Supply Depot  
  42  6:18  Marine  
  39  6:31  Marine x2  
  38  6:38  Marine  
  39  6:44  Supply Depot  
  39  6:46  Supply Depot  
  39  6:47  Liberator  
  39  6:49  Marine  
  40  7:01  Marine  
  41  7:03  Factory Tech Lab  
  41  7:06  Marine  
  41  7:07  Marine  
  47  7:18  Marine  
  43  7:24  Marine  
  43  7:25  Marine  
  45  7:41  Siege Tank  
  45  7:44  SCV  
  49  7:52  Starport Tech Lab  
  49  7:55  Marine x2  
  51  8:02  Supply Depot, Marine  
  50  8:14  Siege Tank  
  50  8:19  Marine  
  36  8:29  Marine  
Show
View Real Time Build Order
Export as new Build Order

Tesla Protoss - Winner!

Build Orders:  

Get SALT Encoding   

  12  0:00  Probe  
  13  0:12  Probe  
  14  0:19  Pylon  
  14  0:24  Probe  
  15  0:33  Probe  
  15  0:38  Gateway  
  15  0:41  Probe  
  17  0:50  Assimilator  
  17  0:52  Probe  
  18  0:58  Assimilator  
  18  1:04  Probe  
  19  1:16  Probe  
  20  1:26  Cybernetics Core  
  20  1:28  Probe  
  21  1:44  Zealot  
  22  1:48  Pylon  
  23  2:03  Warp Gate  
  23  2:07  Robotics Facility  
  23  2:10  Stalker  
  25  2:19  Robotics Facility  
  25  2:29  Shield Battery  
  25  2:34  Probe  
  19  2:54  Immortal  
  21  3:06  Probe  
  22  3:18  Probe  
  23  3:30  Probe  
  23  3:38  Immortal  
  25  3:42  Probe  
  26  3:54  Probe  
  27  4:10  Stalker  
  27  4:11  Warp Prism  
  30  4:22  Pylon  
  31  4:38  Pylon  
  31  4:40  Probe  
  32  4:52  Probe  
  31  4:57  Stalker  
  31  5:03  Shield Battery  
  31  5:04  Probe  
  32  5:13  Probe  
  33  5:21  Probe  
  34  5:34  Observer  
  35  5:45  Stalker, Probe  
  35  5:48  Pylon  
  38  5:53  Gateway  
  38  5:58  Probe  
  39  6:14  Immortal  
  37  6:23  Stalker  
  37  6:25  Probe  
  40  6:37  Gateway  
  41  6:43  Gateway  
  40  7:00  Stalker x2  
  44  7:09  Warp Prism  
  38  7:31  Stalker x2  
  42  7:41  Stalker  
  44  7:44  Sentry  
  46  8:07  Stalker x2  
  46  8:08  Zealot  
  46  8:09  Zealot  
  42  8:31  Stalker x2  
Tags
 
Add a new tag
Caveats
  • Supply blocks, unpowered buildings, or Contaminate may cause inaccurate times.
  • Supply counts are checked every 10 seconds.